IL
NORFOLK TIDES @ SYRACUSE SKYCHIEFS
07/22/2012
 
TOP OF THE 1ST
Pawtucket Red Sox batting - Pitching for Buffalo Bisons : LHP Jeremy Sowers
Pitching: LHP Jeremy Sowers
Batting: SHB Donzell McDonald 0-0: Fly out, F9 (Flyball, 9, EV 86.3 MPH)
Batting: RHB Heriberto Garcia 0-0: Called Strike
0-1: Ground out 4-3 (Groundball, 4, EV 101.9 MPH)
Batting: RHB Chris Shelton 0-0: Foul Ball, location: 9LSF
0-1: Ball
1-1: Called Strike
1-2: Ground out 5-3 (Groundball, 56S, EV 91.9 MPH)
Top of the 1st over - 0 runs, 0 hits, 0 errors, 0 left on base; Pawtucket 0 - Buffalo 0
BOTTOM OF THE 1ST
Buffalo Bisons batting - Pitching for Pawtucket Red Sox : RHP Mitch Talbot
Pitching: RHP Mitch Talbot
Batting: SHB Anderson Hernandez 0-0: Bunted foul
0-1: Swinging Strike
0-2: Ball
1-2: Foul Ball, location: 7LMF
1-2: Ball
2-2: Ball
3-2: SINGLE (Line Drive, 8RS, EV 106.9 MPH)
Batting: RHB Santiago Gonzalez 0-0: Called Strike
0-1: SINGLE (Groundball, 6M, EV 104.4 MPH) (infield hit)
Anderson Hernandez to second
Batting: LHB Brent Brede 0-0: Ball
1-0: Ball
2-0: Ball
3-0: Base on Balls
Anderson Hernandez to third
Santiago Gonzalez to second
Batting: SHB Chase Headley 0-0: Ball
1-0: Ball
2-0: Swinging Strike
2-1: Called Strike
2-2: Foul Ball, location: 2F
2-2: Foul Ball, location: 2F
2-2: Ball
3-2: Foul Ball, location: 23F
3-2: Strikes out looking
Batting: LHB Nate Schierholtz 0-0: Swinging Strike
0-1: Ball
1-1: Ball
2-1: Ball
3-1: Foul Ball, location: 2F
3-2: Strikes out swinging
Batting: RHB Vernon Wells 0-0: Ball
1-0: Fly out, F4 (Popup, 4, EV 53.1 MPH)
Bottom of the 1st over - 0 runs, 2 hits, 0 errors, 3 left on base; Pawtucket 0 - Buffalo 0
TOP OF THE 2ND
Pawtucket Red Sox batting - Pitching for Buffalo Bisons : LHP Jeremy Sowers
Batting: RHB Carter Masterson 0-0: Swinging Strike
0-1: Swinging Strike
0-2: Ball
1-2: SINGLE (Line Drive, 5D, EV 103.8 MPH)
Batting: RHB Eddy Martinez-Esteve 0-0: Ball
1-0: Fly out, F8 (Flyball, 8RD, EV 88.8 MPH)
Batting: RHB Dave Cardona 0-0: Ball
1-0: Fly out, F8 (Line Drive, 78M, EV 106.9 MPH)
Batting: RHB Craig Paquette 0-0: Ball
1-0: Ground out 4-3 (Groundball, 4, EV 80.0 MPH)
Top of the 2nd over - 0 runs, 1 hit, 0 errors, 1 left on base; Pawtucket 0 - Buffalo 0
BOTTOM OF THE 2ND
Buffalo Bisons batting - Pitching for Pawtucket Red Sox : RHP Mitch Talbot
Batting: RHB Felipe Mendoza 0-0: Foul Ball, location: 9LSF
0-1: Ground out 5-3 (Groundball, 56, EV 103.8 MPH)
Batting: LHB Felix Pie 0-0: Ball
1-0: Swinging Strike
1-1: Ball
2-1: Foul Ball, location: 5F
2-2: Foul Ball, location: 25F
2-2: Strikes out swinging
Batting: RHB Ruben Reyes 0-0: Called Strike
0-1: SINGLE (Groundball, 4MD, EV 100.6 MPH)
Batting: SHB Anderson Hernandez 0-0: Called Strike
0-1: Swinging Strike
0-2: Foul Ball, location: 5FF
0-2: Strikes out swinging
Bottom of the 2nd over - 0 runs, 1 hit, 0 errors, 1 left on base; Pawtucket 0 - Buffalo 0
TOP OF THE 3RD
Pawtucket Red Sox batting - Pitching for Buffalo Bisons : LHP Jeremy Sowers
Batting: SHB Chris De La Cruz 0-0: Ground out 6-3 (Groundball, 6M, EV 100.0 MPH)
Batting: RHB Mike Hubbard 0-0: Ground out U3 (Groundball, 34, EV 73.1 MPH)
Batting: SHB Donzell McDonald 0-0: Swinging Strike
0-1: Ball
1-1: Fly out, F9 (Line Drive, 9S, EV 94.4 MPH)
Top of the 3rd over - 0 runs, 0 hits, 0 errors, 0 left on base; Pawtucket 0 - Buffalo 0
BOTTOM OF THE 3RD
Buffalo Bisons batting - Pitching for Pawtucket Red Sox : RHP Mitch Talbot
Batting: RHB Santiago Gonzalez 0-0: Ball
1-0: Fly out, F8 (Flyball, 8RS, EV 99.4 MPH)
Batting: LHB Brent Brede 0-0: Ball
1-0: Foul Ball, location: 7LSF
1-1: Swinging Strike
1-2: Strikes out looking
Batting: SHB Chase Headley 0-0: Ball
1-0: Ball
2-0: Ball
3-0: Called Strike
3-1: Foul Ball, location: 7LDF
3-2: Base on Balls
Batting: LHB Nate Schierholtz 0-0: Ground out 5-3 (Groundball, 25, EV 70.0 MPH)
Bottom of the 3rd over - 0 runs, 0 hits, 0 errors, 1 left on base; Pawtucket 0 - Buffalo 0
TOP OF THE 4TH
Pawtucket Red Sox batting - Pitching for Buffalo Bisons : LHP Jeremy Sowers
Batting: RHB Heriberto Garcia 0-0: Ball
1-0: Ground out 4-3 (Groundball, 4D, EV 106.9 MPH)
Batting: RHB Chris Shelton 0-0: Ball
1-0: Called Strike
1-1: Swinging Strike
1-2: Foul Ball, location: 2F
1-2: Strikes out looking
Batting: RHB Carter Masterson 0-0: Ball
1-0: Called Strike
1-1: Fly out, F7 (Flyball, 7, EV 83.8 MPH)
Top of the 4th over - 0 runs, 0 hits, 0 errors, 0 left on base; Pawtucket 0 - Buffalo 0
BOTTOM OF THE 4TH
Buffalo Bisons batting - Pitching for Pawtucket Red Sox : RHP Mitch Talbot
Batting: RHB Vernon Wells 0-0: Fly out, F8 (Flyball, 8RD, EV 110.0 MPH)
Batting: RHB Felipe Mendoza 0-0: Ground out 4-3 (Groundball, 4, EV 79.4 MPH)
Batting: LHB Felix Pie 0-0: Ground out 4-3 (Groundball, 4, EV 84.4 MPH)
Bottom of the 4th over - 0 runs, 0 hits, 0 errors, 0 left on base; Pawtucket 0 - Buffalo 0
TOP OF THE 5TH
Pawtucket Red Sox batting - Pitching for Buffalo Bisons : LHP Jeremy Sowers
Batting: RHB Eddy Martinez-Esteve 0-0: Foul Ball, location: 2F
0-1: Called Strike
0-2: Ball
1-2: Strikes out looking
Batting: RHB Dave Cardona 0-0: Ground out 5-3 (Groundball, 56, EV 86.9 MPH)
Batting: RHB Craig Paquette 0-0: Ball
1-0: Foul Ball, location: 2F
1-1: Ground out 5-3 (Groundball, 56S, EV 85.0 MPH)
Top of the 5th over - 0 runs, 0 hits, 0 errors, 0 left on base; Pawtucket 0 - Buffalo 0
BOTTOM OF THE 5TH
Buffalo Bisons batting - Pitching for Pawtucket Red Sox : RHP Mitch Talbot
Batting: RHB Ruben Reyes 0-0: Ball
1-0: Called Strike
1-1: Swinging Strike
1-2: Foul Ball, location: 2F
1-2: Fly out, F9 (Flyball, 89M, EV 90.0 MPH)
Batting: SHB Anderson Hernandez 0-0: Called Strike
0-1: Ball
1-1: Called Strike
1-2: Ball
2-2: Ball
3-2: Strikes out swinging
Batting: RHB Santiago Gonzalez 0-0: Fly out, F9 (Flyball, 9S, EV 90.0 MPH)
Bottom of the 5th over - 0 runs, 0 hits, 0 errors, 0 left on base; Pawtucket 0 - Buffalo 0
TOP OF THE 6TH
Pawtucket Red Sox batting - Pitching for Buffalo Bisons : LHP Jeremy Sowers
Batting: SHB Chris De La Cruz 0-0: Called Strike
0-1: Ball
1-1: Called Strike
1-2: Foul Ball, location: 5F
1-2: Ground out 6-3 (Groundball, 56, EV 93.1 MPH)
Batting: RHB Mike Hubbard 0-0: Swinging Strike
0-1: Ball
1-1: Foul Ball, location: 2F
1-2: Strikes out swinging
Batting: SHB Donzell McDonald 0-0: Swinging Strike
0-1: Bunt for hit to 13S - play at first, batter OUT! 1-3
Top of the 6th over - 0 runs, 0 hits, 0 errors, 0 left on base; Pawtucket 0 - Buffalo 0
Top of the 6th over - 0 runs, 0 hits, 0 errors, 0 left on base; Pawtucket 0 - Buffalo 0
BOTTOM OF THE 6TH
Buffalo Bisons batting - Pitching for Pawtucket Red Sox : RHP Mitch Talbot
Batting: LHB Brent Brede 0-0: Ball
1-0: Foul Ball, location: 2RF
1-1: Ball
2-1: Foul Ball, location: 7LSF
2-2: Strikes out swinging
Batting: SHB Chase Headley 0-0: Called Strike
0-1: Ball
1-1: Foul Ball, location: 7LDF
1-2: Foul Ball, location: 2RF
1-2: Fly out, F6 (Popup, 56D, EV 43.1 MPH)
Batting: LHB Nate Schierholtz 0-0: DOUBLE (Flyball, 8RXD, EV 111.3 MPH)
Batting: RHB Vernon Wells 0-0: Ground out 4-3 (Groundball, 4, EV 88.8 MPH)
Bottom of the 6th over - 0 runs, 1 hit, 0 errors, 1 left on base; Pawtucket 0 - Buffalo 0
TOP OF THE 7TH
Pawtucket Red Sox batting - Pitching for Buffalo Bisons : LHP Jeremy Sowers
Batting: RHB Heriberto Garcia 0-0: Ball
1-0: Foul Ball, location: 2RF
1-1: Called Strike
1-2: Ball
2-2: Ground out 5-3 (Groundball, 56S, EV 86.3 MPH)
Batting: RHB Chris Shelton 0-0: Called Strike
0-1: Foul Ball, location: 2F
0-2: Foul Ball, location: 9LDF
0-2: Ball
1-2: Ball
2-2: Ball
3-2: Foul Ball, location: 9LMF
3-2: Base on Balls
Batting: RHB Carter Masterson 0-0: Ball
1-0: Ball
2-0: Foul Ball, location: 2F
2-1: Foul Ball, location: 5F
2-2: Foul Ball, location: 9LMF
2-2: Fly out, F8 (Flyball, 8RM, EV 82.5 MPH)
Batting: RHB Eddy Martinez-Esteve 0-0: SINGLE (Line Drive, 9S, EV 104.4 MPH)
Chris Shelton to second
Batting: RHB Dave Cardona 0-0: Foul Ball, location: 2F
0-1: Called Strike
0-2: Foul Ball, location: 2RF
0-2: Strikes out swinging
Top of the 7th over - 0 runs, 1 hit, 0 errors, 2 left on base; Pawtucket 0 - Buffalo 0
BOTTOM OF THE 7TH
Buffalo Bisons batting - Pitching for Pawtucket Red Sox : RHP Mitch Talbot
Batting: RHB Felipe Mendoza 0-0: Swinging Strike
0-1: Ball
1-1: Called Strike
1-2: Fly out, F3 (Popup, 3D, EV 52.5 MPH)
Batting: LHB Felix Pie 0-0: Fly out, F6 (Line Drive, 6M, EV 72.5 MPH)
Batting: RHB Ruben Reyes 0-0: Ground out U3 (Groundball, 34, EV 81.9 MPH)
Bottom of the 7th over - 0 runs, 0 hits, 0 errors, 0 left on base; Pawtucket 0 - Buffalo 0
TOP OF THE 8TH
Pawtucket Red Sox batting - Pitching for Buffalo Bisons : LHP Jeremy Sowers
Batting: RHB Craig Paquette 0-0: Called Strike
0-1: Foul Ball, location: 2F
0-2: SOLO HOME RUN (Flyball, 7LD, EV 89.4 MPH), Distance : 333 ft
Pitching: RHP Jason Boyd
Batting: SHB Chris De La Cruz 0-0: Foul Ball, location: 2F
0-1: Swinging Strike
0-2: Foul Ball, location: 2F
0-2: SINGLE (Line Drive, 89S, EV 94.4 MPH)
Batting: RHB Mike Hubbard 0-0: Bunted foul
0-1: Bunted foul
0-2: Strikes out looking
Batting: SHB Donzell McDonald 0-0: Foul Ball, location: 9LMF
0-1: Ball
1-1: Called Strike
1-2: Foul Ball, location: 7LDF
1-2: Foul Ball, location: 9LDF
1-2: Foul Ball, location: 2RF
1-2: Foul Ball, location: 25FF
1-2: SINGLE (Line Drive, 6M, EV 102.5 MPH)
Chris De La Cruz to second
Batting: RHB Heriberto Garcia 0-0: Ball
1-0: Called Strike
1-1: Foul Ball, location: 5FF
1-2: Ball
2-2: Fly out, F3 (Popup, 3S, EV 68.8 MPH)
Batting: RHB Chris Shelton 0-0: Swinging Strike
0-1: Called Strike
0-2: DOUBLE (Line Drive, 89D, EV 110.6 MPH)
Chris De La Cruz scores
Donzell McDonald to third
Runner from 3rd tries for Home, SAFE, throw by RF to trailing runner, SAFE at third!
Batting: RHB Carter Masterson 0-0: Ball
1-0: Swinging Strike
1-1: Foul Ball, location: 9LDF
1-2: Fly out, F4 (Popup, 4M, EV 76.9 MPH)
Top of the 8th over - 3 runs, 4 hits, 0 errors, 1 left on base; Pawtucket 3 - Buffalo 0
BOTTOM OF THE 8TH
Buffalo Bisons batting - Pitching for Pawtucket Red Sox : RHP Mitch Talbot
Batting: SHB Anderson Hernandez 0-0: Fly out, F7 (Flyball, 78M, EV 93.1 MPH)
Batting: RHB Santiago Gonzalez 0-0: Ball
1-0: Ball
2-0: Ground out 4-3 (Groundball, 4, EV 99.4 MPH)
Batting: LHB Brent Brede 0-0: Ball
1-0: Ball
2-0: Ball
3-0: Base on Balls
Batting: SHB Chase Headley 0-0: Ball
1-0: Ball
2-0: Called Strike
2-1: Foul Ball, location: 5FF
2-2: Ground out 5-3 (Groundball, 5L, EV 105.6 MPH)
Bottom of the 8th over - 0 runs, 0 hits, 0 errors, 1 left on base; Pawtucket 3 - Buffalo 0
TOP OF THE 9TH
Pawtucket Red Sox batting - Pitching for Buffalo Bisons : RHP Jason Boyd
Pitching: RHP Rich Dorman
Batting: RHB Eddy Martinez-Esteve 0-0: Ball
1-0: Foul Ball, location: 2F
1-1: Ball
2-1: Ball
3-1: Base on Balls
Batting: RHB Dave Cardona 0-0: Swinging Strike
0-1: Ball
1-1: Foul Ball, location: 2F
1-2: Fly out, F4 (Popup, 34, EV 80.6 MPH)
Batting: RHB Craig Paquette 0-0: Fly out, F4 (Popup, 4, EV 80.0 MPH)
Batting: SHB Chris De La Cruz 0-0: Ball
1-0: Ball
2-0: Called Strike
2-1: Swinging Strike
2-2: Ball
3-2: Base on Balls
Eddy Martinez-Esteve to second
Batting: RHB Mike Hubbard 0-0: Ball
1-0: Foul Ball, location: 9LDF
1-1: Ball
2-1: SINGLE (Line Drive, 7LS, EV 96.3 MPH)
Eddy Martinez-Esteve to third
Chris De La Cruz to second
Runner from 3rd tries for Home, SAFE, throw by LF to home
Batting: SHB Donzell McDonald 0-0: Ball
1-0: Ball
2-0: SINGLE (Groundball, 56S, EV 69.4 MPH) (infield hit)
Chris De La Cruz to third
Mike Hubbard to second
Batting: RHB Heriberto Garcia 0-0: Called Strike
0-1: Fly out, F8 (Flyball, 8RD, EV 91.9 MPH)
Top of the 9th over - 1 run, 2 hits, 0 errors, 3 left on base; Pawtucket 4 - Buffalo 0
BOTTOM OF THE 9TH
Buffalo Bisons batting - Pitching for Pawtucket Red Sox : RHP Mitch Talbot
Batting: LHB Nate Schierholtz 0-0: Called Strike
0-1: Ground out 4-3 (Groundball, 4, EV 68.1 MPH)
Pitching: RHP Dane De La Rosa
Batting: RHB Vernon Wells 0-0: Ball
1-0: Swinging Strike
1-1: Ball
2-1: Called Strike
2-2: SINGLE (Flyball, 89S, EV 90.6 MPH)
Batting: RHB Felipe Mendoza 0-0: Ball
1-0: Called Strike
1-1: Ball
2-1: Ball
3-1: Called Strike
3-2: Foul Ball, location: 9LDF
3-2: Strikes out looking
Vernon Wells steals 2nd base
Batter strikes out.
Batting: LHB Felix Pie 0-0: Fly out, F9 (Flyball, 9, EV 86.9 MPH)
Bottom of the 9th over - 0 runs, 1 hit, 0 errors, 1 left on base; Pawtucket 4 - Buffalo 0
Monday, December 9th , 2024 - OOTP Baseball 25.11 Build 98